 Dungeon Crawl Stone Soup version 0.24-a0-67-ga78bd38 (webtiles) character file.

Game seed: 18181398824889412797

29726 robertstho the Eclecticist (level 13, -3/68 HPs)
             Began as a Deep Elf Fire Elementalist on Feb 5, 2019.
             Was an Elder of Vehumet.
             Slain by a spiny frog (57 damage)
             ... on level 4 of the Lair of Beasts.
             The game lasted 01:29:05 (22106 turns).

robertstho the Eclecticist (DEFE)                  Turns: 22106, Time: 01:29:06

Health: -3/68      AC:  4    Str:  8    XL:     13   Next: 16%
Magic:  26/36      EV: 17    Int: 31    God:    Vehumet [****..]
Gold:   972        SH:  0    Dex: 21    Spells: 26/47 levels left

rFire    . . .     SeeInvis .   y - +4 mace of Duty {venom, Fragile Str+3 Int+2}
rCold    . . .     Gourm    .   (no shield)
rNeg     . . .     Faith    .   Z - +0 robe of Distant Shores {Int+3}
rPois    .         Spirit   .   O - +0 helmet
rElec    .         Reflect  .   (no cloak)
rCorr    +         Harm     .   (no gloves)
MR       +....                  B - +0 pair of boots
Stlth    +++.......             G - amulet of regeneration
HPRegen  0.61/turn              p - +6 ring of dexterity
MPRegen  0.25/turn              u - ring of resist corrosion

@: sleeping
A: no striking features
a: Renounce Religion


You were on level 4 of the Lair of Beasts.
You worshipped Vehumet.
Vehumet was greatly pleased with you.
You were not hungry.

You visited 3 branches of the dungeon, and saw 17 of its levels.

You collected 972 gold pieces.

Inventory:

Hand Weapons
 b - a +3 spear
 v - a +0 battleaxe of electrocution
 y - the +4 mace of Duty (weapon) {venom, Fragile Str+3 Int+2}
   (You found it on level 1 of the Lair of Beasts)

   It poisons the flesh of those it strikes.
   It affects your strength (+3).
   It affects your intelligence (+2).
   It will be destroyed if unequipped.
 F - the +5 hunting sling "Bidisk" {venom, *Contam MR+ Str+3 Dex+3}
   (You took it off an orc on level 6 of the Dungeon)

   It poisons the ammo it fires.
   It affects your strength (+3).
   It affects your dexterity (+3).
   It affects your resistance to hostile enchantments.
   It causes magical contamination when unequipped.
 N - a +2 dagger of venom
Missiles
 P - 141 sling bullets
Armour
 d - a +3 ring mail
 s - a +1 robe of magic resistance
 B - a +0 pair of boots (worn)
 L - a +0 robe
 O - a +0 helmet (worn)
 Z - the +0 robe of Distant Shores (worn) {Int+3}
   (You found it on level 1 of the Lair of Beasts)

   It affects your intelligence (+3).
Jewellery
 n - a +2 ring of strength
 p - a +6 ring of dexterity (left hand)
 u - a ring of resist corrosion (right hand)
 G - an amulet of regeneration (around neck)
 M - an uncursed ring of protection from magic
 S - a +4 ring of evasion
 T - an uncursed ring of flight
Wands
 g - a wand of random effects (33)
 x - a wand of iceblast (11)
 E - a wand of disintegration (10)
 H - a wand of polymorph (5)
 V - a wand of digging (6)
 W - a wand of clouds (2)
 Y - a wand of acid (12)
Scrolls
 e - 2 scrolls of magic mapping
 f - 2 scrolls of teleportation
 h - 5 scrolls of fog {unknown}
 m - 4 scrolls of blinking {unknown}
 o - a scroll of acquirement {unknown}
 t - 5 scrolls of immolation {unknown}
 w - 2 scrolls of enchant armour {unknown}
 z - 4 scrolls of remove curse
 A - a scroll of fear
 C - 4 scrolls of enchant weapon {unknown}
 I - 2 scrolls of amnesia {unknown}
 J - a scroll of summoning {unknown}
 Q - a scroll of holy word {unknown}
 X - a scroll of vulnerability
Potions
 a - 4 potions of might
 i - 2 potions of curing
 j - a potion of berserk rage
 k - 2 potions of brilliance
 l - a potion of resistance
 q - 2 potions of flight
 r - 3 potions of agility
 D - a potion of haste
 K - a potion of lignification
Comestibles
 c - 11 rations


   Skills:
 + Level 2.3 Fighting
 + Level 1.2 Short Blades
 + Level 1.6 Polearms
 + Level 5.8 Dodging
 + Level 4.3 Stealth
 * Level 17.9 Spellcasting
 + Level 10.3 Conjurations
 * Level 13.4 Fire Magic
 + Level 2.2 Ice Magic
 + Level 1.2 Air Magic
 + Level 1.5 Poison Magic
 + Level 0.6 Evocations


You had 26 spell levels left.
You knew the following spells:

 Your Spells              Type           Power        Failure   Level  Hunger
a - Flame Tongue          Conj/Fire      #####        0%          1    None
b - Throw Flame           Conj/Fire      ######       0%          2    None
c - Conjure Flame         Conj/Fire      #######.     1%          3    None
d - Sticky Flame          Conj/Fire      #######.     1%          4    None
e - Fireball              Conj/Fire      #######...   1%          5    None
f - Apportation           Tloc           ####..       1%          1    None
g - Mephitic Cloud        Conj/Pois/Air  ######..     1%          3    None
h - Throw Frost           Conj/Ice       ######       1%          2    None

Your spell library contained the following spells:

 Spells                   Type           Power        Failure   Level  Hunger
 Bolt of Draining         Conj/Necr      ######....   1%          5    None
 Animate Skeleton         Necr           N/A          1%          1    None
 Confusing Touch          Hex            ####..       1%          1    None
 Corona                   Hex            ####...      1%          1    None
 Sting                    Conj/Pois      ####         1%          1    None
 Summon Small Mammal      Summ           ####         1%          1    None
 Poisonous Vapours        Pois/Air       #####.       1%          2    None
 Inner Flame              Hex/Fire       ######..     1%          3    None
 Venom Bolt               Conj/Pois      ######....   1%          5    None
 Slow                     Hex            ####....     2%          2    None
 Olgreb's Toxic Radiance  Pois           #####...     2%          4    None
 Portal Projectile        Hex/Tloc       ####..       4%          3    None
 Yara's Violent Unravell  Hex/Tmut       ####......   11%         5    None
 Cause Fear               Hex            ####......   14%         4    None
 Leda's Liquefaction      Hex/Erth       ####......   14%         4    None
 Silence                  Hex/Air        ####......   30%         5    None
 Deflect Missiles         Chrm/Air       ####......   86%         6    None
 Discord                  Hex            ####......   100%        8    #####..


Dungeon Overview and Level Annotations

Branches:
Dungeon (11/15)            Temple (1/1) D:6            Lair (5/6) D:11
  Swamp (0/4) Lair:2       Spider (0/4) Lair:2          Orc (0/2) D:9
  Slime: Lair:5-6

Altars:
Ashenzari
Cheibriados
Dithmenos
Elyvilon
Fedhas
Gozag
Hepliaklqana
Kikubaaqudgha
Makhleb
Nemelex Xobeh
Okawaru
Qazlal
Ru
Sif Muna
Trog
Uskayaw
Vehumet
Wu Jian
Xom
Yredelemnul
Zin
The Shining One
Beogh

Shops:
D:6 [

Portals:
Trove: D:11 (give +4 storm dragon scales)

Annotations:
Lair:1 exclusion: 4 oklob plants


Message History

Aiming: Throw Flame (safe; 0% risk of failure)
Press: ? - help, Shift-Dir - straight line, f/p - dream sheep
Aim: a dream sheep (almost dead, confused)
Okay, then.
Casting: Throw Flame (safe; 0% risk of failure)
Confirm with . or Enter, or press ? or * to list all spells.
Aiming: Flame Tongue (safe; 0% risk of failure)
Press: ? - help, Shift-Dir - straight line, f - spiny frog, p - dream sheep
Aim: a spiny frog The flame tongue hits the spiny frog.
The spiny frog is lightly wounded.
The dream sheep is engulfed in noxious fumes.
You are overwhelmed by glittering dream dust!
You feel drowsy...
You fall asleep.
The dream sheep is engulfed in noxious fumes. x2
The dream sheep closely misses the dream sheep.
The dream sheep is engulfed in noxious fumes. x2
The dream sheep bites the dream sheep.
The spiny frog stings you!!!
Ouch! That really hurt!
You die...

Y.#
#≈.........#
....
#≈........##
......
≈≈.........#
......
≈≈.........#
#.....
...........#
.....
#.#####...##
..#.#####...#
..(....#....#
...YYYY@...##
..YY○Y.F##.#
....○...####
)..#....# ..
#....# .
......
.......
........


You could see a spiny frog and 7 dream sheep.

Vanquished Creatures
  Rupert (Lair:3)
  2 hydras (Lair:1)
  5 death yaks
  An unseen horror (D:10)
  An orb spider (Lair:2)
  Pikel (D:9)
  A manticore (D:11)
  A black mamba (Lair:1)
  7 spiny frogs
  A gargoyle (D:11)
  4 komodo dragons
  A troll (D:11)
  10 blink frogs
  A hippogriff (D:10)
  3 wraiths (D:8)
  31 yaks
  2 hungry ghosts (D:8)
  A fire bat (Lair:4)
  2 wyverns (D:8)
  A steam dragon (Lair:3)
  A fire elemental (Lair:4)
  Edmund (D:6)
  10 porcupines
  7 water moccasins
  4 ice beasts
  5 orc warriors
  A swamp drake (Lair:2)
  4 sky beasts
  A slave (D:9)
  7 ogres
  6 phantoms
  A black bear (D:7)
  4 necrophages
  An eye of draining (D:11)
  3 centaurs
  12 crocodiles
  An elf zombie (D:8)
  2 big kobolds (D:10)
  12 bullfrogs
  2 water moccasin zombies
  A water moccasin skeleton (D:7)
  5 scorpions
  5 wights (D:8)
  16 killer bees
  A howler monkey (D:9)
  2 electric eels
  3 crimson imps
  2 quasits
  3 human zombies (D:8)
  5 hounds
  10 orc priests
  2 jellies
  5 bullfrog skeletons
  4 hell rats (Lair:5)
  A human skeleton (D:8)
  8 worker ants
  An iguana (Lair:2)
  10 orc wizards
  An ogre zombie (D:8)
  A mummy (D:8)
  14 adders
  2 oozes
  An adder skeleton (D:4)
  4 worms
  4 dart slugs
  2 leopard geckos
  34 orcs
  A ball python (D:4)
  9 bats
  5 giant cockroaches
  10 goblins
  9 hobgoblins
  11 jackals
  4 quokkas
  5 frilled lizards
  A jackal zombie (D:6)
  14 kobolds
  A leopard gecko skeleton (D:8)
  A quokka skeleton (D:7)
  8 rats
  A plant (D:11)
389 creatures vanquished.

Vanquished Creatures (others)
  3 fungi
  3 plants
6 creatures vanquished.

Grand Total: 395 creatures vanquished

Notes
Turn   | Place    | Note
-------+----------+-------------------------------------------
     0 | D:1      | robertstho the Deep Elf Fire Elementalist began the quest
                  | for the Orb.
     0 | D:1      | Reached XP level 1. HP: 10/10 MP: 6/6
   267 | D:1      | Reached XP level 2. HP: 15/15 MP: 5/8
   927 | D:1      | Reached skill level 4 in Spellcasting
  1135 | D:2      | Reached XP level 3. HP: 19/19 MP: 6/10
  1198 | D:1      | Learned a level 2 spell: Throw Flame
  1202 | D:1      | Learned a level 3 spell: Conjure Flame
  1505 | D:2      | Reached XP level 4. HP: 24/24 MP: 3/12
  2429 | D:3      | Found a bloodstained altar of Trog.
  2429 | D:3      | Found a shattered altar of Ashenzari.
  2429 | D:3      | Found an opulent altar of Gozag.
  2429 | D:3      | Found a hazy altar of Hepliaklqana.
  2596 | D:3      | Lost strength.
  2779 | D:3      | Reached XP level 5. HP: 28/28 MP: 7/14
  3238 | D:3      | Reached skill level 5 in Spellcasting
  3506 | D:4      | Reached skill level 5 in Fire Magic
  3563 | D:4      | Reached XP level 6. HP: 12/32 MP: 8/16
  3790 | D:4      | Reached skill level 6 in Spellcasting
  3800 | D:5      | Entered Level 5 of the Dungeon
  4093 | D:5      | Noticed a sky beast
  4099 | D:5      | Killed a sky beast
  4151 | D:5      | Noticed an ice beast
  4486 | D:5      | Reached skill level 7 in Spellcasting
  4486 | D:5      | Reached XP level 7. HP: 27/36 MP: 6/19
  4749 | D:5      | Learned a level 4 spell: Sticky Flame
  4755 | D:5      | Learned a level 5 spell: Fireball
  5065 | D:5      | Found a white marble altar of Elyvilon.
  5216 | D:5      | Reached skill level 1 in Polearms
  5216 | D:5      | Reached skill level 8 in Spellcasting
  5448 | D:5      | Found a snail-covered altar of Cheibriados.
  5532 | D:5      | Found a sacrificial altar of Ru.
  6174 | D:4      | Reached XP level 8. HP: 42/42 MP: 18/22
  6521 | D:4      | Found a roughly hewn altar of Beogh.
  6844 | D:6      | Reached skill level 1 in Fighting
  6844 | D:6      | Reached skill level 9 in Spellcasting
  6994 | D:6      | Found a staircase to the Ecumenical Temple.
  7008 | Temple   | Entered the Ecumenical Temple
  7644 | D:6      | Reached skill level 10 in Spellcasting
  7644 | D:6      | Reached skill level 5 in Conjurations
  7878 | D:6      | Identified the +5 hunting sling "Bidisk" {venom, *Contam
                  | MR+ Str+3 Dex+3}
  7888 | D:6      | Found Naog's Armour Shoppe.
  7906 | D:6      | Reached XP level 9. HP: 47/47 MP: 15/25
  8108 | D:6      | Noticed Edmund
  8118 | D:6      | Killed Edmund
  8869 | D:7      | Reached skill level 11 in Spellcasting
  9195 | D:7      | Found a radiant altar of Vehumet.
  9200 | D:7      | Became a worshipper of Vehumet
  9203 | D:7      | Learned a level 1 spell: Apportation
 10271 | D:7      | Reached skill level 12 in Spellcasting
 10769 | D:8      | Reached XP level 10. HP: 41/52 MP: 19/28
 11020 | D:8      | Reached * piety under Vehumet
 11020 | D:8      | Offered knowledge of Freeze by Vehumet.
 11626 | D:8      | Reached skill level 10 in Fire Magic
 12342 | D:8      | Found an ancient bone altar of Kikubaaqudgha.
 12676 | D:9      | Reached skill level 13 in Spellcasting
 13342 | D:9      | Learned a level 3 spell: Mephitic Cloud
 13555 | D:9      | Found a staircase to the Orcish Mines.
 13559 | D:9      | Noticed Pikel
 13569 | D:9      | Killed Pikel
 14092 | D:9      | Found a deep blue altar of Sif Muna.
 14161 | D:9      | Found a blossoming altar of Fedhas.
 14223 | D:10     | Entered Level 10 of the Dungeon
 14281 | D:10     | Reached ** piety under Vehumet
 14302 | D:10     | Reached skill level 1 in Short Blades
 14312 | D:10     | Offered knowledge of Throw Frost by Vehumet.
 14312 | D:10     | Reached skill level 5 in Dodging
 14319 | D:10     | Learned a level 2 spell: Throw Frost
 14433 | D:10     | Reached XP level 11. HP: 35/57 MP: 8/30
 15085 | D:10     | Noticed an unseen horror
 15090 | D:10     | Killed an unseen horror
 15208 | D:11     | Reached skill level 14 in Spellcasting
 15514 | D:11     | Found a staircase to the Lair.
 16191 | D:11     | Found a portal to a secret trove of treasure.
 16241 | D:11     | Noticed a cyan ugly thing
 16253 | D:11     | Offered knowledge of Stone Arrow by Vehumet.
 16565 | Lair:1   | Entered Level 1 of the Lair of Beasts
 16609 | Lair:1   | Reached *** piety under Vehumet
 16734 | Lair:1   | Noticed a seven-headed hydra
 16748 | Lair:1   | Killed a seven-headed hydra
 16748 | Lair:1   | Reached skill level 15 in Spellcasting
 16748 | Lair:1   | Reached skill level 1 in Ice Magic
 16757 | Lair:1   | Reached skill level 1 in Poison Magic
 16787 | Lair:1   | Noticed an eight-headed hydra
 16814 | Lair:1   | You fall through a shaft!
 17094 | Lair:2   | Found a hole to the Spider Nest.
 17094 | Lair:2   | Noticed an orb spider
 17143 | Lair:2   | Killed an orb spider
 17352 | Lair:2   | Found a staircase to the Swamp.
 17783 | Lair:1   | Killed an eight-headed hydra
 18279 | Lair:1   | Noticed an oklob plant
 18283 | Lair:1   | Noticed an oklob plant
 18285 | Lair:1   | Noticed an oklob plant
 18285 | Lair:1   | Noticed an oklob plant
 18297 | Lair:1   | Got a heavily jewelled robe
 18315 | Lair:1   | Identified the +0 robe of Distant Shores {Int+3} (You found
                  | it on level 1 of the Lair of Beasts)
 18368 | Lair:1   | Got an iridescent mace
 18370 | Lair:1   | Identified the +4 mace of Duty {venom, Fragile Str+3 Int+2}
                  | (You found it on level 1 of the Lair of Beasts)
 18396 | Lair:1   | Reached XP level 12. HP: 49/62 MP: 21/33
 18665 | Lair:3   | Offered knowledge of Fulminant Prism by Vehumet.
 18853 | Lair:3   | Noticed Rupert
 18888 | Lair:3   | HP: 1/62 [Rupert/+0 battleaxe of electrocution (25)]
 18960 | Lair:3   | Paralysed by Rupert for 6 turns
 18981 | Lair:3   | Killed Rupert
 18981 | Lair:3   | Reached skill level 16 in Spellcasting
 20243 | Lair:4   | Reached **** piety under Vehumet
 20380 | Lair:4   | Reached skill level 17 in Spellcasting
 20987 | Lair:5   | Noticed a death yak
 20989 | Lair:5   | Noticed a death yak
 20990 | Lair:5   | Noticed a death yak
 20991 | Lair:5   | Noticed a death yak
 20991 | Lair:5   | Noticed a death yak
 20993 | Lair:5   | Noticed a death yak
 21012 | Lair:5   | Killed a death yak
 21023 | Lair:5   | Killed a death yak
 21024 | Lair:5   | Noticed a six-headed hydra
 21059 | Lair:4   | Reached skill level 10 in Conjurations
 21083 | Lair:4   | Reached skill level 1 in Air Magic
 21258 | Lair:5   | Offered knowledge of Bolt of Draining by Vehumet.
 21272 | Lair:5   | Killed a death yak
 21272 | Lair:5   | Reached XP level 13. HP: 25/68 MP: 10/36
 22106 | Lair:4   | Slain by a spiny frog

Vault maps used:
D:1:      psy_arrival_whirlpool, serial_bayou, serial_bayou_crossing,
          serial_bayou_shore_a, serial_bayou_ford_a, serial_bayou_lagoon_a
D:3:      chequers_temple_overflow_statue_of_worship, amethyst_killhole
D:4:      minmay_door_square, st_stairs_4, kennysheep_orc_chapel
D:5:      minmay_evil_eye, cheibriados_altar_1, lemuel_round_altar,
          kennysheep_mini_moat, first_ration, kennysheep_small_square
D:6:      temple_doors_e, serial_shops, nicolae_shop_crystal, uniq_edmund
D:7:      kennysheep_little_box
D:8:      lemuel_mausoleum_altar_kikubaaqudgha
D:9:      lemuel_blue_sif_altar, fedhas_altar_4, orc_0_dummy, uniq_pikel
D:10:     lemuel_flame_loot_2
D:11:     david_lair_shrubbed, enter_trove_3
Temple:   minmay_temple_curvy_loop
Lair:1:   minmay_lair_oklob_chamber, grunt_megastairs_3
Lair:2:   wander_river, minmay_swamp_entry_reptiles,
          nicolae_spider_entry_orb_guardian
Lair:3:   infiniplex_staircase_pool, serial_bayou_shore_b, serial_bayou_shore_b,
          uniq_rupert
Lair:4:   grunt_megastairs_1
Lair:5:   slime_altar_1, grunt_megastairs_5

Skill      XL: |  1  2  3  4  5  6  7  8  9 10 11 12 |
---------------+-------------------------------------+-----
Spellcasting   | 4 5 7 8 10 12 13 15 17 | 17.9
Fire Magic     | 4 5 6 8 9 11 12 13 | 13.4
Conjurations   | 2 3 4 5 6 7 8 10 | 10.3
Stealth        | 3 4 |  4.3
Polearms       | 1 |  1.6
Dodging        | 3 5 |  5.8
Fighting       | 1 2 |  2.3
Short Blades   | 1 |  1.2
Ice Magic      | 1 2 |  2.2
Poison Magic   | 1 |  1.5
Air Magic      | 1 |  1.2
Evocations     | |  0.6

Action                   |  1- 3 |  4- 6 |  7- 9 | 10-12 | 13-15 || total
-------------------------+-------+-------+-------+-------+-------++-------
Melee: Unarmed           |     1 |       |       |       |       ||     1
       Spear             |       |    30 |    43 |    28 |       ||   101
       Dagger            |       |       |       |    77 |       ||    77
       Mace              |       |       |       |     6 |       ||     6
 Cast: Flame Tongue      |    46 |    80 |   150 |   304 |    16 ||   596
       Throw Flame       |    10 |    49 |    79 |   110 |     6 ||   254
       Sticky Flame      |       |       |    39 |   116 |    13 ||   168
       Conjure Flame     |       |       |     2 |     3 |       ||     5
       Mephitic Cloud    |       |       |       |    33 |     4 ||    37
       Fireball          |       |       |       |    32 |     4 ||    36
       Throw Frost       |       |       |       |    91 |     9 ||   100
       Apportation       |       |       |       |     7 |       ||     7
Evoke: Wand              |       |       |       |     5 |       ||     5
  Use: Potion            |     2 |       |     2 |     9 |       ||    13
       Scroll            |       |     9 |     2 |    14 |       ||    25
 Stab: Sleeping          |       |     3 |       |     2 |       ||     5
       Confused          |       |       |       |     1 |       ||     1
  Eat: Chunk             |     2 |     9 |    15 |    20 |     1 ||    47
       Ration            |       |       |     3 |     5 |     1 ||     9
Armor: Robe              |     8 |    11 |    28 |    27 |     1 ||    75
Dodge: Dodged            |    17 |    31 |   110 |   195 |    31 ||   384

Table legend:
 A = Non-vault XP
 B = Vault XP
 C = Vault XP percentage of total XP
 D = Non-vault monster count
 E = Vault monster count
 F = Vault count percentage of total count
                 A         B        C        D         E       F
            +---------+---------+-------+---------+---------+-------
      Total |   33323 |    9144 |  21.5 |     350 |      37 |   9.6
            +---------+---------+-------+---------+---------+-------
        D:1 |      51 |       0 |   0.0 |      24 |       0 |   0.0
        D:2 |     100 |       0 |   0.0 |      25 |       0 |   0.0
        D:3 |      70 |       0 |   0.0 |      26 |       0 |   0.0
        D:4 |     272 |     201 |  42.5 |      12 |       6 |  33.3
        D:5 |     795 |     125 |  13.6 |      19 |       1 |   5.0
        D:6 |    1403 |     166 |  10.6 |      30 |       1 |   3.2
        D:7 |    1468 |       0 |   0.0 |      27 |       0 |   0.0
        D:8 |    2423 |    1113 |  31.5 |      37 |      12 |  24.5
        D:9 |    1028 |     629 |  38.0 |      18 |       1 |   5.3
       D:10 |    3038 |       0 |   0.0 |      21 |       0 |   0.0
       D:11 |    2682 |     333 |  11.0 |      26 |       1 |   3.7
     Lair:1 |    2858 |    1726 |  37.7 |      11 |       6 |  35.3
     Lair:2 |     544 |    1015 |  65.1 |       5 |       5 |  50.0
     Lair:3 |    4993 |    3008 |  37.6 |      25 |       1 |   3.8
     Lair:4 |    5366 |     478 |   8.2 |      21 |       2 |   8.7
     Lair:5 |    6232 |     350 |   5.3 |      23 |       1 |   4.2
            +---------+---------+-------+---------+---------+-------
